 Dungeon Crawl Stone Soup version 0.22.0-16-gc6d26f69f9 (webtiles) character file.

199 Kniotic the Conjurer (level 5, -2/38 HPs)
             Began as a Demigod Conjurer on Aug 18, 2018.
             Slain by a hippogriff (8 damage)
             ... on level 3 of the Dungeon.
             The game lasted 00:04:09 (2662 turns).

Kniotic the Conjurer (Demigod Conjurer)             Turns: 2662, Time: 00:04:10

Health: -2/38      AC:  2    Str: 11    XL:     5   Next: 23%
Magic:  1/13       EV: 12    Int: 21    God:
Gold:   93         SH:  0    Dex: 16    Spells: 6/11 levels left

rFire    . . .     SeeInvis .   k - +7 club
rCold    . . .     Gourm    .   (no shield)
rNeg     . . .     Faith    .   a - +0 robe
rPois    .         Spirit   .   (no helmet)
rElec    .         Reflect  .   (no cloak)
rCorr    .         Harm     .   (no gloves)
MR       .....                  (no boots)
Stlth    ++........             (no amulet)
HPRegen  0.12/turn              (no ring)
MPRegen  0.13/turn              (no ring)

@: very slightly contaminated
A: high mp 1
a: no special abilities


You were on level 3 of the Dungeon.
You were hungry.

You visited 1 branch of the dungeon, and saw 3 of its levels.

You collected 93 gold pieces.

Inventory:

Hand Weapons
 k - a +7 club (weapon)
Armour
 a - a +0 robe (worn)
Jewellery
 d - a cursed ring of teleportation {unknown}
 e - an uncursed ring of positive energy {unknown}
 j - a +3 ring of protection {unknown}
Scrolls
 f - a scroll of amnesia
 g - a scroll of identify
 m - a scroll of enchant armour {unknown}
 o - a scroll of immolation {unknown}
 p - a scroll of fear {unknown}
 r - a scroll of teleportation {unknown}
Potions
 b - 2 potions of curing
 h - a potion of might {unknown}
 i - a potion of mutation {unknown}
 l - 2 potions of magic {unknown}
 n - a potion of resistance {unknown}
 s - a potion of berserk rage {unknown}
Comestibles
 c - 3 rations


   Skills:
 - Level 1.7 Dodging
 - Level 1.7 Stealth
 + Level 3.6 Spellcasting
 + Level 5.1 Conjurations


You had 6 spell levels left.
You knew the following spells:

 Your Spells              Type           Power        Failure   Level  Hunger
a - Magic Dart            Conj           ####         1%          1    None
b - Iskenderun's Mystic   Conj           ####....     16%         4    ####...

Your spell library contained the following spells:

 Spells                   Type           Power        Failure   Level  Hunger
 Fulminant Prism          Conj/Hex       ##........   41%         4    ####...
 Dazzling Spray           Conj/Hex       ##....       13%         3    ###....
 Force Lance              Conj/Tloc      ##......     41%         4    ####...
 Searing Ray              Conj           ####..       2%          2    ##.....


Dungeon Overview and Level Annotations

Branches:
Dungeon (3/15)


Innate Abilities, Weirdness & Mutations

You have an increased reservoir of magic. (+10% MP)


Message History

You miscast Iskenderun's Mystic Blast.
Wisps of smoke drift from your hands. The hippogriff bites you!
The hippogriff barely misses you. The hippogriff closely misses you.
Casting: Iskenderun's Mystic Blast (slightly dangerous; 16% risk of failure)
Confirm with . or Enter, or press ? or * to list all spells.
You don't have enough magic to cast that spell.
You hit the hippogriff.
The hippogriff is severely wounded.
The hippogriff misses you. The hippogriff pecks you.
The hippogriff barely misses you.
You hit the hippogriff.
The hippogriff is severely wounded.
The hippogriff closely misses you. The hippogriff barely misses you.
The hippogriff claws you. The hippogriff bites you!
The hippogriff barely misses you. The hippogriff claws you!
* * * LOW HITPOINT WARNING * * *
You closely miss the hippogriff.
The hippogriff is severely wounded.
The hippogriff barely misses you. x2; The hippogriff claws you!
You die...

#### ... ########## ...# ...
#......... ...# ... #.#.#####.
(..# #.# #......... #.## #.# #
#.....###. #.# #.# #.##.....# #.
#.##### #H# #........###. ......#
#@# ####......... #.###.# #.#
###.###### #.# #.# ##.#### ##'##
#.# #.# #.....# ##...## #.###.#
#.###.# ##.....## ......# #.#
#.###.......##
#...#.#########.###.##.........##
.....................'...........
#.....######......####...........


You could see a hippogriff.

Vanquished Creatures
  Jessica (D:2)
  Robin (D:2)
  3 gnolls
  3 adders (D:2)
  An ooze (D:3)
  2 worms (D:3)
  3 dart slugs
  4 leopard geckos
  5 orcs (D:3)
  3 bats
  3 giant cockroaches
  19 goblins
  6 hobgoblins
  10 kobolds
  3 quokkas
  A ball python (D:2)
  6 frilled lizards
  8 rats
82 creatures vanquished.

Notes
Turn   | Place    | Note
-------+----------+-------------------------------------------
     0 | D:1      | Kniotic the Demigod Conjurer began the quest for the Orb.
     0 | D:1      | Reached XP level 1. HP: 14/14 MP: 5/5
     3 | D:1      | Noticed an electric eel
     3 | D:1      | Noticed an electric eel
   224 | D:1      | Reached XP level 2. HP: 20/20 MP: 2/7
   348 | D:1      | Reached skill level 4 in Conjurations
   706 | D:1      | You fall through a shaft!
   709 | D:2      | Reached XP level 3. HP: 26/26 MP: 4/9
   880 | D:2      | Noticed Jessica
   881 | D:2      | Noticed Robin
   969 | D:2      | Found an iron altar of Okawaru.
  1224 | D:2      | Killed Jessica
  1224 | D:2      | Reached XP level 4. HP: 33/33 MP: 0/11
  1301 | D:2      | Killed Robin
  1541 | D:2      | Found a blossoming altar of Fedhas.
  1749 | D:2      | Reached XP level 5. HP: 24/38 MP: 2/13
  1874 | D:2      | Learned a level 4 spell: Iskenderun's Mystic Blast
  1932 | D:3      | Reached skill level 5 in Conjurations
  2102 | D:3      | Found a hazy altar of Hepliaklqana.
  2652 | D:3      | Noticed a hippogriff
  2662 | D:3      | Slain by a hippogriff

Skill      XL: |  1  2  3  4  5 |
---------------+----------------+-----
Spellcasting   | 2 3 |  3.6
Conjurations   | 4 5 |  5.1
Dodging        | |  1.7
Stealth        | |  1.7

Action                   |  1- 3 |  4- 6 || total
-------------------------+-------+-------++-------
Melee: Dagger            |    10 |       ||    10
       Club              |       |    30 ||    30
 Cast: Magic Dart        |    74 |    81 ||   155
       Iskenderun's Myst |       |     4 ||     4
  Use: Scroll            |     2 |     1 ||     3
  Eat: Chunk             |     1 |     5 ||     6
Armor: Robe              |     7 |     2 ||     9
Dodge: Dodged            |    18 |    31 ||    49
